 Dungeon Sprint DCSS version 0.22.1-1-ga44c0e56f4 (webtiles) character file.

2859 MuseOD the Unseen (level 9, -17/48 HPs)
             Began as a Spriggan Enchanter on Sept 27, 2018.
             Was a Priest of Dithmenos.
             Killed from afar by Frances (34 damage)
             ... with an iron shot
             ... in the Dungeon (Sprint III: "The Ten Rune Challenge").
             The game lasted 00:04:07 (1640 turns).

MuseOD the Unseen (Spriggan Enchanter)              Turns: 1640, Time: 00:04:09

Health: -17/48     AC:  2    Str:  4    XL:     9   Next: 47%
Magic:  15/25      EV: 18    Int: 19    God:    Dithmenos [***...]
Gold:   19         SH:  0    Dex: 17    Spells: 22/31 levels left

rFire    . . .     SeeInvis +   a - +1 dagger
rCold    . . .     Gourm    .   (shield restricted)
rNeg     . . .     Faith    .   b - +0 robe
rPois    .         Spirit   .   (helmet restricted)
rElec    .         Reflect  .   (no cloak)
rCorr    .         Harm     .   (gloves unavailable)
MR       +....     NoTele   +   (boots unavailable)
Stlth    +++++++++.             (no amulet)
HPRegen  0.16/turn              (no ring)
MPRegen  0.19/turn              (no ring)

@: lethally poisoned (-17 -> -20), slowed, wreathed by umbra, quick
A: very small, unfitting armour, see invisible, herbivore, speed 3, slow
metabolism 2
a: Shadow Step, Renounce Religion


You were in the Dungeon.
You worshipped Dithmenos.
Dithmenos was most pleased with you.
You were not hungry.

You visited 1 branch You collected 19 gold pieces.

Inventory:

Hand Weapons
 a - a +1 dagger (weapon)
Armour
 b - a +0 robe (worn)
Wands
 r - a wand of paralysis (15)
Scrolls
 c - a scroll of amnesia {unknown}
 j - a scroll of blinking
 l - a scroll of torment {unknown}
 m - 2 scrolls of identify {unknown}
 n - 3 scrolls of remove curse
 p - a scroll of holy word {unknown}
Potions
 e - a potion of curing
 f - a potion of heal wounds
 g - a potion of haste
 h - 2 potions of magic
 i - 2 potions of berserk rage
 k - 3 potions of mutation {unknown}
 o - 3 potions of flight
 q - 2 potions of might
Comestibles
 d - 4 rations


   Skills:
 - Level 6.0 Fighting
 - Level 11.3 Short Blades
 - Level 3.0 Dodging
 + Level 17.7 Stealth
 + Level 11.6 Spellcasting
 + Level 11.9 Hexes


You had 22 spell levels left.
You knew the following spells:

 Your Spells              Type           Power        Failure   Level  Hunger
a - Corona                Hex            ######.      1%          1    None
b - Ensorcelled Hibernat  Hex/Ice        ####..       1%          2    None
c - Confuse               Hex            ######..     1%          3    None
d - Dazzling Spray        Conj/Hex       ####..       1%          3    None

Your spell library contained the following spells:

 Spells                   Type           Power        Failure   Level  Hunger
 Confusing Touch          Hex            ######       1%          1    None
 Tukima's Dance           Hex            ######..     1%          3    None
 Animate Skeleton         Necr           N/A          6%          1    None
 Pain                     Necr           ##..         6%          1    None
 Metabolic Englaciation   Hex/Ice        ####......   16%         5    ####...
 Yara's Violent Unravell  Hex/Tmut       ####......   16%         5    ####...
 Gell's Gravitas          Tloc           ##........   19%         3    None
 Regeneration             Chrm/Necr      ##........   19%         3    None
 Vampiric Draining        Necr           ##........   19%         3    None
 Animate Dead             Necr           N/A          54%         4    ##.....
 Petrify                  Tmut/Erth      ##......     54%         4    ##.....


Dungeon Overview and Level Annotations

Branches:
Dungeon (1/1)

Altars:
Dithmenos
Elyvilon
Kikubaaqudgha
Okawaru
Ru
Sif Muna
Trog
Uskayaw
Vehumet
Wu Jian
Yredelemnul
Zin
The Shining One
Beogh

Annotations:
D Donald, Frances


Innate Abilities, Weirdness & Mutations

You are very small and have problems with some larger weapons.
You are too small for most types of armour.
You have supernaturally acute eyesight. (SInv)
You are a herbivore.
You cover ground extremely quickly.
You need to consume almost no food.


Message History

Aiming: Dazzling Spray (safe; 1% risk of failure)
Press: ? - help, Shift-Dir - straight line, f/p - Frances
Aim: Frances, wielding a blowgun (lightly wounded, fast, umbra)
The spray of energy hits Frances.
Frances is lightly wounded.
Frances mutters in a terrible tongue.
Frances shoots a curare-tipped needle.
The curare-tipped needle completely misses you.
Casting: Dazzling Spray (safe; 1% risk of failure)
Confirm with . or Enter, or press ? or * to list all spells.
Aiming: Dazzling Spray (safe; 1% risk of failure)
Press: ? - help, Shift-Dir - straight line, f/p - Frances
Aim: Frances, wielding a blowgun (lightly wounded, fast, umbra)
The spray of energy hits Frances.
Frances is moderately wounded.
Frances is dazzled.
You feel sick.
Frances chants phrases taken from a devil's mouth.
The iron shot hits you!
Ouch! That really hurt!
You die...

___#__# __)#._# '###'##
......# ......# #####'#
#...#+#####################
#...#....#)#)#).@.3#......+
#...##.#.)#.##@###.#......#
#...'##.#.#.##.#)(##(.^(..#
+...#...#..#..##()+.......#
▓▓▓▓▓▓▓▓▓▓▓▓▓▓▓▓▓▓#.......#
#.......# +...@...#
#...@...# ##'###### ..+


You could see Frances (blind) and a smoke demon.

Vanquished Creatures
  Erolcha (D)
  A deep elf mage (D)
  2 redbacks (D)
  A shadow (D)
  A necrophage (D)
  5 two-headed ogres (D)
  A scorpion (D)
  A jelly (D)
  A wizard (D)
  Jessica (D)
  A necromancer (D)
  3 humans (D)
  A kobold demonologist (D)
  An ooze (D)
  2 rats (D)
23 creatures vanquished.

Vanquished Creatures (others)
  2 draconian scorchers (D)
  6 hellions (D)
  2 yaktaurs (D)
  A spriggan defender (D)
  2 orc priests (D)
  4 ball lightnings (D)
  5 ballistomycetes (D)
  4 ballistomycete spores (D)
  13 plants (D)
39 creatures vanquished.

Grand Total: 62 creatures vanquished

Notes
Turn   | Place    | Note
-------+----------+-------------------------------------------
     0 | D        | MuseOD the Spriggan Enchanter began the quest for the Orb.
     0 | D        | Reached XP level 1. HP: 9/9 MP: 5/5
    15 | D        | Reached skill level 1 in Fighting
    15 | D        | Reached skill level 5 in Stealth
    23 | D        | Noticed Jessica
    27 | D        | Killed Jessica
    27 | D        | Reached skill level 6 in Stealth
    27 | D        | Reached XP level 2. HP: 15/15 MP: 6/6
    27 | D        | Reached XP level 3. HP: 18/18 MP: 8/8
    28 | D        | Killed a yaktaur
    31 | D        | Learned a level 2 spell: Ensorcelled Hibernation
    35 | D        | Learned a level 3 spell: Confuse
    43 | D        | Killed a yaktaur
    80 | D        | Reached skill level 5 in Short Blades
    80 | D        | Reached skill level 7 in Stealth
    90 | D        | Killed a hellion
   101 | D        | Killed a hellion
   127 | D        | Noticed a scorpion
   134 | D        | Killed a scorpion
   134 | D        | Reached skill level 8 in Stealth
   134 | D        | Reached XP level 4. HP: 24/24 MP: 9/9
   159 | D        | Noticed a water elemental
   170 | D        | Killed a hellion
   171 | D        | Killed a hellion
   186 | D        | Killed a hellion
   186 | D        | Killed a hellion
   189 | D        | Killed a white draconian scorcher
   190 | D        | Found a glowing silver altar of Zin.
   190 | D        | Found a glowing golden altar of the Shining One.
   190 | D        | Found a white marble altar of Elyvilon.
   190 | D        | Noticed a deep elf mage
   190 | D        | Killed a white draconian scorcher
   193 | D        | Killed a deep elf mage
   193 | D        | Reached skill level 12 in Stealth
   193 | D        | Reached XP level 5. HP: 32/32 MP: 10/10
   193 | D        | Reached XP level 6. HP: 36/36 MP: 11/11
   200 | D        | Found a basalt altar of Yredelemnul.
   200 | D        | Found a shadowy altar of Dithmenos.
   200 | D        | Found a sacrificial altar of Ru.
   213 | D        | Reached XP level 7. HP: 25/40 MP: 1/13
   230 | D        | Learned a level 3 spell: Dazzling Spray
   244 | D        | Found a hide-covered altar of Uskayaw.
   244 | D        | Found a roughly hewn altar of Beogh.
   244 | D        | Found an iron altar of Okawaru.
   244 | D        | Found a bloodstained altar of Trog.
   244 | D        | Found an ornate altar of the Wu Jian Council.
   244 | D        | Noticed a human
   244 | D        | Noticed a human
   252 | D        | Became a worshipper of Dithmenos the Shadowed
   260 | D        | Killed a human
   260 | D        | Reached skill level 13 in Stealth
   260 | D        | Reached skill level 5 in Spellcasting
   261 | D        | Killed a human
   359 | D        | Found a radiant altar of Vehumet.
   360 | D        | Found a deep blue altar of Sif Muna.
   360 | D        | Found an ancient bone altar of Kikubaaqudgha.
   361 | D        | Reached * piety under Dithmenos
   363 | D        | Reached skill level 14 in Stealth
   383 | D        | Noticed a shadow
   385 | D        | Killed a shadow
   385 | D        | Reached XP level 8. HP: 44/44 MP: 20/20
   393 | D        | Reached ** piety under Dithmenos
   419 | D        | Reached skill level 15 in Stealth
   422 | D        | Noticed a two-headed ogre
   425 | D        | Killed a two-headed ogre
   425 | D        | Reached *** piety under Dithmenos
   429 | D        | Noticed Erolcha
   430 | D        | Noticed a two-headed ogre
   432 | D        | Killed Erolcha
   432 | D        | Reached skill level 16 in Stealth
   432 | D        | Reached skill level 10 in Spellcasting
   432 | D        | Reached XP level 9. HP: 48/48 MP: 21/24
   433 | D        | Killed a two-headed ogre
   433 | D        | Reached skill level 17 in Stealth
   442 | D        | Reached **** piety under Dithmenos
   456 | D        | Noticed Frances
   672 | D        | Noticed Donald
  1246 | D        | Noticed a soul eater
  1381 | D        | Killed a spriggan defender
  1640 | D        | Noticed a smoke demon
  1640 | D        | Killed from afar by Frances

Skill      XL: |  1  2  3  4  5  6  7  8  9 |
---------------+----------------------------+-----
Fighting       | 2 3 6 |  6.0
Short Blades   | 4 6 11 | 11.3
Stealth        | 6 8 12 14 16 17 | 17.7
Spellcasting   | 3 7 10 11 | 11.6
Hexes          | 4 7 11 | 11.9
Dodging        | |  3.0

Action                   |  1- 3 |  4- 6 |  7- 9 || total
-------------------------+-------+-------+-------++-------
Melee: Dagger            |    15 |     4 |    18 ||    37
 Cast: Ensorcelled Hiber |     1 |     1 |     1 ||     3
       Confuse           |       |     3 |     1 ||     4
       Dazzling Spray    |       |       |    16 ||    16
Evoke: Wand              |       |     3 |       ||     3
 Stab: Sleeping          |     5 |     1 |    14 ||    20
       Confused          |       |     1 |       ||     1
       Invisible         |       |       |     2 ||     2
Dodge: Dodged            |     9 |     9 |    13 ||    31
